 Dungeon Crawl Stone Soup version 0.25-a0-561-g0977b4d109 (webtiles) character file.

Game seed: 13392665135607429653, levelgen mode: deterministic

960 Flugslaktarn the Chopper (level 7, 0/66 HPs)
             Began as a Deep Dwarf Fighter on Feb 26, 2020.
             Was an Initiate of Makhleb.
             Slain by a hippogriff (2 damage)
             ... on level 7 of the Dungeon.
             The game lasted 00:02:26 (3386 turns).

Flugslaktarn the Chopper (Deep Dwarf Fighter)       Turns: 3386, Time: 00:02:26

Health: 0/66       AC:  8    Str: 22    XL:     7   Next: 92%
Magic:  4/4        EV:  7    Int:  8    God:    Makhleb [......]
Gold:   187        SH: 10    Dex: 12    Spells: 6/6 levels left

rFire    + . .     SeeInvis .   y - -3 broad axe
rCold    + . .     Gourm    .   c - +0 kite shield
rNeg     . . .     Faith    .   b - +0 scale mail
rPois    .         Spirit   .   f - +0 helmet
rElec    .         Reflect  .   i - scarf {rC+ rF+}
rCorr    .         Harm     +   (no gloves)
MR       +....                  (no boots)
Stlth    ..........             m - amulet of harm
HPRegen  0.00/turn              (no ring)
MPRegen  0.09/turn              (no ring)

@: non-regenerating
A: damage resistance, heal wounds, sense surroundings 1, no regeneration
a: Heal Wounds, Renounce Religion


You were on level 7 of the Dungeon.
You worshipped Makhleb.
Makhleb was noncommittal.
You were not hungry.

You visited 2 branches of the dungeon, and saw 8 of its levels.

You collected 187 gold pieces.

Inventory:

Hand Weapons
 a - a +0 war axe
 y - a -3 broad axe (weapon)
   (You found it on level 6 of the Dungeon)
Armour
 b - a +0 scale mail (worn)
 c - a +0 kite shield (worn)
 f - a +0 helmet (worn)
   (You found it on level 6 of the Dungeon)
 i - a scarf of resistance (worn)
   (You found it on level 6 of the Dungeon)
Jewellery
 m - an amulet of harm (around neck)
   (You found it on level 3 of the Dungeon)
 x - an uncursed amulet of magic regeneration {unknown}
   (You found it on level 6 of the Dungeon)
Wands
 o - a wand of iceblast (4)
   (You found it on level 4 of the Dungeon)
Scrolls
 k - a scroll of blinking {unknown}
 l - 2 scrolls of enchant weapon {unknown}
Potions
 d - a potion of might
 g - 2 potions of stabbing
 h - a potion of brilliance
 q - a potion of curing
 t - a potion of mutation {unknown}
 v - 3 potions of lignification
 w - 2 potions of heal wounds
 z - 2 potions of invisibility
 A - a potion of resistance {unknown}
Comestibles
 e - 7 rations


   Skills:
 + Level 4.5 Fighting
 * Level 6.6 Axes
 + Level 5.5 Armour
 + Level 5.5 Shields


You had 6 spell levels left.
You didn't know any spells.
Your spell library was empty.

Dungeon Overview and Level Annotations

Branches:
Dungeon (7/15)             Temple (1/1) D:6

Altars:
Ashenzari
Cheibriados
Dithmenos
Elyvilon
Fedhas
Gozag
Hepliaklqana
Kikubaaqudgha
Makhleb
Nemelex Xobeh
Okawaru
Qazlal
Ru
Sif Muna
Trog
Uskayaw
Vehumet
Wu Jian
Xom
Yredelemnul
Zin
The Shining One

Shops:
D:4 *   D:6 [

Annotations:
D:7 Joseph


Innate Abilities, Weirdness & Mutations

You are resistant to damage.
You can heal yourself by infusing magical energy.
You passively map a small area around you.
You do not regenerate.


Message History

You barely miss Joseph. You block the hippogriff's attack. x2
The hippogriff claws you. Joseph hits you with a +0 quarterstaff!
The hippogriff bites you but does no damage.
The hippogriff pecks you but does no damage.
The hippogriff claws you!
* * * LOW HITPOINT WARNING * * *
You are too injured to fight recklessly!
You are too injured to fight recklessly!
You are too injured to fight recklessly!
You are too injured to fight recklessly!
You are too injured to fight recklessly!
You are too injured to fight recklessly!
You are too injured to fight recklessly!
You are too injured to fight recklessly!
You are too injured to fight recklessly!
You are too injured to fight recklessly!
You fail to use your ability.
Joseph hits you with a +0 quarterstaff!
* * * LOW HITPOINT WARNING * * *
The hippogriff bites you.
You die... , ,* * , * , , * * * ,, , , * * * * ,, * * , * , * K. ,...############.... * #....@@HKKKKK..... ##############.... , . , ,, ,, *

You could see Joseph, a hippogriff and 5 kobolds.

Vanquished Creatures
  A phantom (D:5)
  2 centaurs
  A big kobold (D:7)
  2 bullfrogs (D:6)
  A scorpion (D:4)
  2 crimson imps
  2 hounds
  2 jellies (D:6)
  An iguana (D:4)
  A bullfrog skeleton (D:6)
  A centaur skeleton (D:4)
  An orc wizard (D:6)
  3 worker ants
  3 gnolls (D:4)
  2 adders
  An ooze (D:1)
  An adder skeleton (D:4)
  2 worms (D:2)
  2 leopard geckos
  9 orcs
  4 bats
  2 giant cockroaches
  5 goblins
  3 hobgoblins
  8 jackals
  2 quokkas (D:5)
  A ball python (D:1)
  5 frilled lizards
  3 kobolds
  A rat (D:1)
74 creatures vanquished.

Vanquished Creatures (collateral kills)
  A crimson imp (D:6)
  A leopard gecko (D:6)
2 creatures vanquished.

Grand Total: 76 creatures vanquished

Notes
Turn   | Place    | Note
-------+----------+-------------------------------------------
     0 | D:1      | Flugslaktarn the Deep Dwarf Fighter began the quest for the
                  | Orb.
     0 | D:1      | Reached XP level 1. HP: 20/20 MP: 1/1
    51 | D:1      | Reached XP level 2. HP: 25/27 MP: 2/2
   275 | D:2      | Reached skill level 3 in Axes
   275 | D:2      | Reached XP level 3. HP: 33/33 MP: 3/3
   415 | D:3      | Found an iron altar of Okawaru.
   552 | D:4      | Reached XP level 4. HP: 39/42 MP: 4/4
   562 | D:4      | Found an opulent altar of Gozag.
   569 | D:4      | Found Gozag's Platinum Reserve.
   658 | D:4      | Reached skill level 4 in Axes
   672 | D:4      | Reached XP level 5. HP: 49/49 MP: 5/5
  1304 | D:5      | Entered Level 5 of the Dungeon
  1341 | D:5      | Found a blossoming altar of Fedhas.
  1341 | D:5      | Found a white marble altar of Elyvilon.
  1342 | D:5      | Found a hide-covered altar of Uskayaw.
  1342 | D:5      | Noticed a phantom
  1371 | D:5      | Killed a phantom
  1371 | D:5      | Reached XP level 6. HP: 28/57 MP: 6/6
  1524 | D:5      | Reached skill level 5 in Axes
  1663 | D:5      | Found an ornate altar of the Wu Jian Council.
  2217 | D:6      | Reached XP level 7. HP: 61/64 MP: 5/5
  2295 | D:6      | Reached skill level 5 in Armour
  2295 | D:6      | Reached skill level 5 in Shields
  2301 | D:6      | Reached skill level 6 in Axes
  2472 | D:6      | Found Heraowit's Antique Armour Shoppe.
  2692 | D:6      | Found a staircase to the Ecumenical Temple.
  2716 | Temple   | Entered the Ecumenical Temple
  2938 | Temple   | Became a worshipper of Makhleb the Destroyer
  3303 | D:7      | Noticed Joseph
  3338 | D:7      | Noticed a hippogriff
  3386 | D:7      | HP: 2/66 [Joseph/+0 quarterstaff (11)]
  3386 | D:7      | Slain by a hippogriff

Levels and vault maps discovered:
D:1:      lightli_iron_boxes, layout_loops_cross
D:2:      layout_loops_cross
D:3:      layout_loops_ring, gammafunk_ghost_arena, okawaru_gym_becter
D:4:      layout_loops_corners, nicolae_gozag_zags_fifth_avenue
D:5:      layout_basic, gammafunk_temple_overflow_claw, first_ration,
          basic_altar
D:6:      layout_basic, minmay_temple_entry_gardened_gates, serial_shops,
          nicolae_shop_stone, serial_glass, glass_columns_a, glass_columns_a,
          chequers_serial_rivers_micro_d
D:7:      layout_rooms, uniq_maggie, uniq_harold, uniq_joseph
Temple:   dpeg_five_rooms_temple

Skill      XL: |  1  2  3  4  5  6  7 |
---------------+----------------------+-----
Axes           | 3 4 5 6 |  6.6
Fighting       | 3 4 |  4.5
Shields        | 4 5 |  5.5
Armour         | 4 5 |  5.5

Action                   |  1- 3 |  4- 6 |  7- 9 || total
-------------------------+-------+-------+-------++-------
Melee: War axe           |   104 |   109 |    17 ||   230
       Broad axe         |       |       |    53 ||    53
       Unarmed           |       |       |     1 ||     1
 Abil: Heal Wounds       |     1 |     4 |     6 ||    11
  Use: Scroll            |       |       |    14 ||    14
  Eat: Chunk             |       |     3 |     2 ||     5
       Ration            |       |     1 |       ||     1
Armor: Scale mail        |    48 |    46 |    30 ||   124
       Skin              |       |       |     2 ||     2
Dodge: Dodged            |    34 |    41 |    21 ||    96
Block: Kite shield       |    60 |    60 |    46 ||   166

Table legend:
 A = Non-vault XP
 B = Vault XP
 C = Vault XP percentage of total XP
 D = Non-vault monster count
 E = Vault monster count
 F = Vault count percentage of total count
                 A         B        C        D         E       F
            +---------+---------+-------+---------+---------+-------
      Total |    1372 |       0 |   0.0 |      76 |       0 |   0.0
            +---------+---------+-------+---------+---------+-------
        D:1 |      29 |       0 |   0.0 |      15 |       0 |   0.0
        D:2 |      17 |       0 |   0.0 |       6 |       0 |   0.0
        D:3 |      20 |       0 |   0.0 |       5 |       0 |   0.0
        D:4 |     276 |       0 |   0.0 |      14 |       0 |   0.0
        D:5 |     385 |       0 |   0.0 |      17 |       0 |   0.0
        D:6 |     547 |       0 |   0.0 |      17 |       0 |   0.0
        D:7 |      98 |       0 |   0.0 |       2 |       0 |   0.0
            +---------+---------+-------+---------+---------+-------
